 Dungeon Crawl Stone Soup version 0.24.0-41-g2ae2f7f1be (webtiles) character file.

Game seed: 3778040633179175607, levelgen mode: deterministic

35 Delamore the Chopper (level 3, 0/31 HPs)
             Began as a Hill Orc Fighter on Dec 12, 2019.
             Succumbed to an adder's poison
             ... on level 2 of the Dungeon.
             The game lasted 00:00:56 (500 turns).

Delamore the Chopper (Hill Orc Fighter)              Turns: 500, Time: 00:00:57

Health: 0/31       AC:  8    Str: 19    XL:     3   Next: 33%
Magic:  3/3        EV:  7    Int:  8    God:
Gold:   8          SH:  9    Dex: 10    Spells: 2/2 levels left

rFire    . . .     SeeInvis .   a - +0 war axe
rCold    . . .     Gourm    .   c - +0 shield
rNeg     . . .     Faith    .   b - +0 scale mail
rPois    .         Spirit   .   (no helmet)
rElec    .         Reflect  .   (no cloak)
rCorr    .         Harm     .   i - +0 pair of gloves
MR       .....     Rnd*Tele +   (no boots)
Stlth    ..........             m - amulet of magic regeneration
HPRegen  0.10/turn              n - ring of teleportation (curse)
MPRegen  0.33/turn              (no ring)

@: lethally poisoned (0 -> -2), flying
A: no striking features
a: no special abilities


You were on level 2 of the Dungeon.
You were not hungry.

You visited 1 branch of the dungeon, and saw 2 of its levels.

You collected 8 gold pieces.

Inventory:

Hand Weapons
 a - a +0 war axe (weapon)
Armour
 b - a +0 scale mail (worn)
 c - a +0 shield (worn)
 i - a +0 pair of gloves (worn)
Jewellery
 m - an amulet of magic regeneration (around neck)
 n - a cursed ring of teleportation (left hand)
Scrolls
 e - a scroll of remove curse {unknown}
 g - a scroll of teleportation {unknown}
Potions
 d - a potion of might
 l - a potion of magic
Comestibles
 f - a ration
 j - a chunk of flesh


   Skills:
 - Level 3.6 Fighting
 + Level 4.9 Axes
 - Level 3.2 Armour
 - Level 3.2 Shields


You had 2 spell levels left.
You didn't know any spells.
Your spell library was empty.

Dungeon Overview and Level Annotations

Branches:
Dungeon (2/15)

Altars:


Message History

You slash the giant cockroach!
You kill the giant cockroach!
Okay, then.
Okay, then.
As you read the scroll labeled QUV BEFRIFAME, it crumbles to dust.
It is a scroll of amnesia.
You feel forgetful for a moment.
* * * LOW HITPOINT WARNING * * *
You feel sick.
As you read the scroll labeled UWUIMOPSAA, it crumbles to dust.
You feel aware of your surroundings.
You sensed 5 altars.
It was a scroll of magic mapping.
A giant cockroach comes into view.
* * * LOW HITPOINT WARNING * * *
You feel sick.
You hit the giant cockroach but do no damage.
The giant cockroach barely misses you.
The giant cockroach bites you but does no damage.
You closely miss the giant cockroach.
You die...

***,,≈≈≈≈≈,*,**,,,,,
*,..≈≈≈≈≈≈,,,**,,,,,
*,#...≈≈≈≈,,,**,,,,,
#.#..P≈≈≈,,*,**,,,,,
#.#...≈≈≈*,,,,+,,,,,
#.#.≈#≈≈≈*,*,**,,,,,
#.#..#≈≈≈*,*,*,,,,,,
#.#s.#*≈≈*,*,*,,,,,,
#.#@#**≈≈*,,,*,,,,,,
###.#.#
*≈≈**,,*,*,***
***********#.....#
*≈***,,*,*,*
,,,,,,,,,,,#.#.#.#
*** ****,*,*
**********,*,#.###
*,*,* * *,*,#.#
*,*,* * *,*,#.#
****,*,* *
*,*,#.#**** *,,,,*,*
* *,*,#..,,,*
******,*


You could see a giant cockroach.

Vanquished Creatures
  2 adders (D:2)
  A leopard gecko (D:1)
  A giant cockroach (D:2)
  3 goblins (D:1)
  2 hobgoblins (D:1)
  2 kobolds (D:1)
  A bat (D:1)
  A frilled lizard (D:1)
  3 rats (D:1)
16 creatures vanquished.

Notes
Turn   | Place    | Note
-------+----------+-------------------------------------------
     0 | D:1      | Delamore the Hill Orc Fighter began the quest for the Orb.
     0 | D:1      | Reached XP level 1. HP: 19/19 MP: 1/1
    35 | D:1      | Reached skill level 3 in Axes
   172 | D:1      | Reached XP level 2. HP: 22/26 MP: 2/2
   266 | D:1      | Reached skill level 4 in Axes
   443 | D:2      | Reached XP level 3. HP: 23/31 MP: 3/3
   493 | D:2      | HP: 1/31 [poisoned by an adder]
   500 | D:2      | Succumbed to an adder's poison

Levels and vault maps discovered:
D:1:      lemuel_arrival_funnel, layout_rooms
D:2:      layout_basic, grunt_temple_overflow_open, chequers_big_river,
          uniq_crazy_yiuf_cottage, uniq_jessica

Skill      XL: |  1  2 |
---------------+-------+-----
Axes           | 3 4 |  4.9
Fighting       | |  3.6
Armour         | |  3.2
Shields        | |  3.2

Action                   || total
-------------------------++-------
Melee: War axe           ||    76
  Use: Scroll            ||     2
       Potion            ||     2
Armor: Scale mail        ||    43
Dodge: Dodged            ||    30
Block: Shield            ||    30
